 Dungeon Crawl Stone Soup version 0.14-a0-1637-gd423c14 (webtiles) character file.

154 Ololoev the Charlatan (level 4, -6/21 HPs)
             Began as a Spriggan Artificer on Dec 27, 2013.
             Killed from afar by an orc wizard (8 damage)
             ... with a puff of flame
             ... on Level 3 of the Dungeon.
             The game lasted 00:04:24 (1815 turns).

Ololoev the Charlatan (Spriggan Artificer)          Turns: 1815, Time: 00:04:25

HP  -6/21        AC  2     Str  8      XL: 4   Next: 31%
MP  11/11        EV 18     Int 13      God:
Gold 65          SH  0     Dex 16      Spells:  0 memorised,  3 levels left

rFire  . . .     SeeInvis +     j - +2,+0 elf dagger (venom)
rCold  . . .     Clarity  .     e - +0 robe
rNeg   . . .     Conserve .     (shield restricted)
rPois  .         rCorr    .     (helmet restricted)
rElec  .         rRot     .     (no cloak)
SustAb . .       Spirit   .     (gloves unavailable)
rMut   .         Warding  .     (boots unavailable)
Saprov . . .     Stasis   .     (no amulet)
                                (no ring)
                                (no ring)

@: very quick, slightly resistant to hostile enchantments, quite stealthy
A: unfitting armour, see invisible, herbivore 3, speed 3, slow metabolism 2
a: no special abilities


You were on level 3 of the Dungeon.
You were very full.

You visited 1 branch of the dungeon, and saw 3 of its levels.

You collected 65 gold pieces.

Inventory:

Hand weapons
 a - a +0,+0 short sword
 j - a +2,+0 elven dagger of venom (weapon)
Missiles
 h - 35 arrows
Armour
 e - a +0 robe (worn)
Magical devices
 b - a wand of flame (11)
 c - a wand of enslavement (15)
 d - a wand of random effects (15)
Comestibles
 n - a choko
 o - 2 bread rations
Scrolls
 f - a scroll of fog {unknown}
 g - a scroll of immolation {unknown}
 i - a scroll of teleportation {unknown}
 k - a scroll of enchant armour {unknown}
 l - a scroll of curse weapon {unknown}
 m - a scroll of random uselessness {unknown}
 p - a scroll of curse jewellery {unknown}
 q - 2 scrolls of identify {unknown}
 r - a scroll of enchant weapon II {unknown}
 s - a scroll of blinking {unknown}
Books
 t - a book of Dreams

   Spells                             Type                      Level
   Ensorcelled Hibernation            Hexes/Ice                    2
   Flight                             Charms/Air                   3
   Phase Shift                        Translocation                5
   Shadow Creatures                   Summoning                    5
   Mass Confusion                     Hexes                        6
   Darkness                           Hexes                        7


   Skills:
 - Level 0.7 Fighting
 - Level 1.1 Short Blades
 - Level 3.0 Dodging
 + Level 5.0 Stealth
 + Level 5.7 Evocations


You had 3 spell levels left.
You didn't know any spells.

Dungeon Overview and Level Annotations

Branches:
Dungeon (3/16)

Altars:


Innate Abilities, Weirdness & Mutations

You are tiny and cannot use many weapons and most armour.
You have supernaturally acute eyesight.
You are a herbivore.
You cover ground extremely quickly.
You need consume almost no food.


Message History

The orc wizard casts a spell.
You feel troubled.
The orc wizard hits you with an orcish dagger.
* * * LOW HITPOINT WARNING * * *
The orc priest mumbles some strange prayers to Beogh.
You feel a wave of unholy energy pass over you.
The orc closely misses you.
You completely miss the orc.
The orc is moderately wounded.
The orc wizard gestures wildly while chanting.
The orc wizard seems to speed up.
The orc wizard misses you. The orc closely misses you.
You hit the orc but do no damage.
The orc looks even sicker.
The orc is heavily wounded.
The orc misses you.
The orc priest mumbles some strange prayers to Beogh.
You feel a wave of unholy energy pass over you.
The orc wizard gestures at you while chanting.
The puff of flame hits you!
You die...

. #.# #.# ##.# #########
#.# .##...# #.......#
#.# .......###.#####.#
#.#
.......$....####.###.##
#......................#
.........##...#.....#.[#
........r.....#........#
.......##@##.#........#
...###..ooo..#........#
.......#...o.#####....#
..#......o... .....#
...##.....#####..#.# ...
...#..# #..#.# #..#..#
...#..# .##


You could see an orc priest, 2 orc wizards, 2 orcs and a rat.

Vanquished Creatures
  Ijyb (D:3)
  Jessica (D:3)
  2 adders (D:2)
  2 giant geckos (D:1)
  An ooze (D:2)
  A ball python (D:2)
  5 bats
  3 giant cockroaches
  3 goblins
  6 hobgoblins
  3 jackals (D:2)
  2 kobolds (D:1)
  3 rats
33 creatures vanquished.

Notes
Turn   | Place    | Note
--------------------------------------------------------------
     0 | D:1      | Ololoev, the Spriggan Artificer, began the quest for the Orb.
     0 | D:1      | Reached XP level 1. HP: 9/9 MP: 2/2
    93 | D:1      | Reached XP level 2. HP: 1/14 MP: 5/5
   828 | D:2      | Reached XP level 3. HP: 4/17 MP: 8/8
   899 | D:2      | Paralysed by a potion of paralysis for 6 turns
   907 | D:2      | Paralysed by a potion of paralysis for 4 turns
  1097 | D:2      | Reached skill level 5 in Evocations
  1618 | D:3      | Noticed Jessica
  1627 | D:3      | Killed Jessica
  1627 | D:3      | Reached XP level 4. HP: 18/21 MP: 11/11
  1749 | D:3      | Noticed Ijyb
  1765 | D:3      | Killed Ijyb
  1765 | D:3      | Reached skill level 5 in Stealth
  1815 | D:3      | Killed from afar by an orc wizard

Action                   |  1- 3 |  4- 6 || total
-------------------------+-------+-------++-------
Melee: Short sword       |    85 |       ||    85
       Dagger            |    10 |    19 ||    29
Evoke: Wand              |     4 |       ||     4
  Use: Potion            |     9 |       ||     9
 Stab: Sleeping          |     7 |     1 ||     8
